 Dungeon Crawl Stone Soup version 0.30-a0-918-g0ff054e9dc (webtiles) character file.

Game seed: 5468410799360736468

410 jimonade the Magician (level 7, -11/49 HPs)
             Began as a Djinni Warper on Mar 21, 2023.
             Was a Follower of Okawaru.
             Mangled by a warg (13 damage)
             ... on level 9 of the Dungeon.
             The game lasted 00:10:28 (3795 turns).

jimonade the Magician (Djinni Warper)               Turns: 3795, Time: 00:10:29

Health: -11/49     AC:  5    Str: 12    XL:     7   Next: 13%
Gold:   209        EV: 12    Int: 15    God:    Okawaru [*.....] SH:  0 Dex: 18

rFire   + + .      SeeInvis .    i - +1 whip (venom)
rCold   x . .      Faith    .    (no shield)
rNeg    . . .      Spirit   .    r - +2 animal skin
rPois   ∞          Reflect  .    s - +0 helmet
rElec   .          Rampage  .    (no cloak)
rCorr   .                        (no gloves)
Will    .....                    (boots unavailable)
Stlth   ++                       (no amulet)
HPRegen 0.28/turn                y - +6 ring of dexterity
MPRegen 0.00/turn                (no ring)

@: flying
A: sickness immunity, fire resistance 2, cold vulnerability 1, float, innate
caster, HP casting, extra vitality 1
a: Renounce Religion, Heroism


You were on level 9 of the Dungeon.
You worshipped Okawaru.
Okawaru was aware of your devotion.
You visited 2 branches of the dungeon, and saw 8 of its levels.

You collected 209 gold pieces.

Inventory:

Hand Weapons
 a - a +1 spear
 g - a +0 mace
 i - a +1 whip of venom (weapon)
 p - a +3 dagger
Missiles
 d - 7 boomerangs of dispersal
 h - 4 poisoned darts
 n - a throwing net
 z - 5 atropa-tipped darts
Armour
 b - a +0 leather armour
 r - a +2 animal skin (worn)
 s - a +0 helmet (worn)
 w - a +0 plate armour
Jewellery
 y - a +6 ring of dexterity (left hand)
Scrolls
 c - a scroll of blinking
 j - 2 scrolls of teleportation
 q - a scroll of vulnerability
Potions
 e - a potion of attraction
 o - 3 potions of degeneration
 t - a potion of heal wounds
 u - a potion of lignification
 v - 2 potions of curing
 x - a potion of flight {unknown}
 A - a potion of magic {unknown}


   Skills:
 - Level 2.0 Fighting
 - Level 1.5 Polearms
 - Level 0.7 Throwing
 - Level 1.0 Armour
 - Level 2.1 Dodging
 + Level 5.8 Spellcasting


You knew the following spells:

 Your Spells              Type           Power      Damage    Failure   Level
a - Blink                 Tloc           42%        N/A       1%          2
b - Lesser Beckoning      Tloc           42%        N/A       1%          2
c - Vhi's Electric Charg  Tloc/Air       42%        N/A       4%          3
d - Teleport Other        Tloc           21%        N/A       4%          3
e - Manifold Assault      Tloc           21%        N/A       14%         4
f - Sting                 Tmut/Pois      84%        1d7       1%          1
g - Searing Ray           Conj           42%        2d6       1%          2
h - Passwall              Tmut/Erth      17%        N/A       1%          2
Your spell library was empty.

Dungeon Overview and Level Annotations

Branches:
Dungeon (9/15)             Temple (1/1) D:4
   Lair: D:8-11         Orc: D:9-12

Altars:
Ashenzari
Cheibriados
Dithmenos
Elyvilon
Fedhas
Hepliaklqana
Nemelex Xobeh
Okawaru
Qazlal
Ru
Trog
Uskayaw
Wu Jian
Zin
The Shining One

Shops:
D:4 =


Innate Abilities, Weirdness & Mutations

You are immune to sickness and miasma.
You are immune to poison.
Your flesh is very heat resistant. (rF++)
You are vulnerable to cold. (rC-)
You float through the air rather than walking.
You learn spells naturally, not from books.
Your magical power is your life essence.
You have superior vitality. (+4 MHP)


Message History

The centaur is heavily wounded.
The centaur closely misses you. The centaur kicks you.
* * * LOW HITPOINT WARNING * * *
The centaur closely misses you. x2
You hit the centaur.
The centaur looks as sick as possible!
The centaur is severely wounded.
The centaur barely misses you.
The centaur kicks you but does no damage.
You barely miss the centaur.
The centaur is almost dead.
You kill the centaur!
Okawaru is honoured by your kill.
You can now gain great but temporary skills.
You have reached level 7!
The power to cast Passwall wells up from within.
Spell assigned to 'h'.
A warg comes into view.
There is an open door here.
The warg howls!
You reach down and close the door.
You start resting.
A vampire comes into view.
An orc priest comes into view. It is wielding a +0 dagger.
The vampire hits you but does no damage.
The vampire bites you.
* * * LOW HITPOINT WARNING * * *
You are too injured to fight recklessly!
You are too injured to fight recklessly!
You are too injured to fight recklessly!
You are too injured to fight recklessly!
You hit the vampire.
The vampire is lightly damaged.
The vampire misses you. The vampire bites you!
* * * LOW HITPOINT WARNING * * *
The warg bites you.
* * * LOW HITPOINT WARNING * * *
You hit the vampire but do no damage.
The vampire is lightly damaged.
The warg bites you!
You die...

#. ..# ###.#. ##.###
....... ....
.......####..# ..
.............##+## ...
.............#...###...
.......................
........@............>.
.####.#..h.V.#...........
.........##'##h..........
......#...h.##.#....c..$.
............##........#.
.###.o......##..h.....#
............##...<....#
............##..........#
............##...........


You could see a vampire, a warg and an orc priest.

Vanquished Creatures
  A centaur (D:9)
  An ogre (D:4)
  A howler monkey (D:9)
  A hound (D:4)
  A sleepcap (D:4)
  Robin (D:2)
  3 gnolls (D:3)
  3 adders
  2 worms (D:2)
  3 dart slugs
  11 endoplasms
  2 giant cockroaches (D:1)
  13 goblins
  8 hobgoblins
  5 kobolds
  3 quokkas (D:3)
  7 ball pythons
  4 bats
  A frilled lizard (D:2)
  5 rats
76 creatures vanquished.

Notes
Turn   | Place    | Note
-------+----------+-------------------------------------------
     0 | D:1      | jimonade the Djinni Warper began the quest for the Orb.
     0 | D:1      | jimonade set off with the following spells memorised:
                  | Blink, Lesser Beckoning, Vhi's Electric Charge, Teleport
                  | Other, Manifold Assault.
     0 | D:1      | Reached XP level 1. HP: 18/18 MP: 0/0
   167 | D:1      | Reached XP level 2. HP: 23/23 MP: 0/0
   298 | D:1      | Reached skill level 3 in Spellcasting
   552 | D:1      | Reached XP level 3. HP: 28/28 MP: 0/0
   552 | D:1      | Learned a level 1 spell: Sting
  1162 | D:2      | Reached XP level 4. HP: 23/33 MP: 0/0
  1359 | D:2      | Noticed Robin
  1762 | D:2      | Killed Robin
  1930 | D:2      | Reached skill level 4 in Spellcasting
  2228 | D:3      | Reached XP level 5. HP: 12/38 MP: 0/0
  2228 | D:3      | Learned a level 2 spell: Searing Ray
  2935 | D:4      | Found a staircase to the Ecumenical Temple.
  2941 | Temple   | Entered the Ecumenical Temple
  2950 | Temple   | Became a worshipper of Warmaster Okawaru
  3087 | D:4      | Noticed an ogre
  3103 | D:4      | Killed an ogre
  3104 | D:4      | Reached skill level 5 in Spellcasting
  3104 | D:4      | Reached XP level 6. HP: 16/43 MP: 0/0
  3462 | D:4      | Found Pient's Jewellery Boutique.
  3677 | D:5      | Entered Level 5 of the Dungeon
  3715 | D:5      | You are sucked into a shaft and drop 3 floors!
  3716 | D:8      | Noticed a boulder beetle
  3728 | D:8      | Noticed a catoblepas
  3746 | D:9      | HP: 2/43 [centaur/arrow (4)]
  3778 | D:9      | Reached * piety under Okawaru
  3779 | D:9      | Reached XP level 7. HP: 8/49 MP: 0/0
  3779 | D:9      | Learned a level 2 spell: Passwall
  3780 | D:9      | Noticed a warg
  3787 | D:9      | Noticed a vampire
  3794 | D:9      | HP: 2/49 [warg (1)]
  3795 | D:9      | Mangled by a warg

Illustrated notes

Levels and vault maps discovered:
D:1:      dpeg_arrival_snail, layout_loops_cross
D:2:      layout_basic, chequers_serial_rivers_large_a,
          chequers_serial_rivers_room_b, roderic_serpentine_path, uniq_robin
D:3:      layout_basic
D:4:      layout_cave_pools, minmay_temple_entry_statues_pillars, serial_shops,
          nicolae_shop_trees
D:5:      layout_basic, mainiacjoe_overflow_alcove_3, enter_ossuary_5
D:8:      cheibrodos_elevator_heist, layout_rooms, minmay_misc_feat_doors
D:9:      layout_basic, erik_lair_orcish_takeover, erik_orc_3,
          minmay_joined_circles
Temple:   nicolae_temple_no_exploring_needed

Skill      XL: |  1  2  3  4  5 |
---------------+----------------+-----
Spellcasting   | 3 4 5 |  5.8
Fighting       | |  2.0
Polearms       | |  1.5
Throwing       | |  0.7
Armour         | |  1.0
Dodging        | |  2.1

Action                     |  1- 3 |  4- 6 |  7- 9 || total
---------------------------+-------+-------+-------++-------
  Melee: Spear             |    52 |       |       ||    52
         Whip              |    45 |   157 |     2 ||   204
         Punch             |       |     1 |       ||     1
   Cast: Sting             |     7 |    10 |       ||    17
         Searing Ray       |       |     6 |       ||     6
    Use: Scroll            |       |    12 |       ||    12
   Stab: Sleeping          |       |     1 |       ||     1
 Armour: Leather armour    |    24 |     7 |       ||    31
         Animal skin       |       |    33 |     1 ||    34
  Dodge: Dodged            |    39 |   112 |     1 ||   152

Table legend: (Time is in decaauts)
 A = Elapsed time spent in this place.
 B = Non-inter-level travel time spent in this place.
 C = Inter-level travel time spent in this place.
 D = Time resting spent in this place.
 E = Time spent auto-exploring this place.
 F = Levels seen in this place.
 G = Mean time per level.
                   A        B        C        D        E       F      G
               +--------+--------+--------+--------+--------+-----+--------+
         Total |   3820 |   3671 |    149 |    447 |   2168 |   8 |  477.5 |
       Dungeon |   3803 |   3660 |    143 |    447 |   2168 |   7 |  543.3 |
        Temple |     16 |     10 |      6 |      0 |      0 |   1 |   16.0 |
               +--------+--------+--------+--------+--------+-----+--------+

Top non-repeatable levels by time:
     D:2: 1167 daAuts
     D:1: 1100 daAuts
     D:4: 761 daAuts
     D:3: 688 daAuts
     D:9: 60 daAuts
     D:8: 19 daAuts
  Temple: 16 daAuts
     D:5: 5 daAuts
